 Dungeon Crawl Stone Soup version 0.31-a0-237-g2d982f9f85 (webtiles) character file.

Game seed: 96839044691704778

949 qw the Skirmisher (level 7, 0/61 HPs)
             Began as a Minotaur Hexslinger on July 10, 2023.
             Succumbed to a gnoll sergeant's poison
             ... on level 5 of the Dungeon on July 11, 2023.
             The game lasted 00:01:36 (4062 turns).

qw the Skirmisher (Minotaur Hexslinger)             Turns: 4062, Time: 00:01:37

Health: 0/61       AC:  8    Str: 12    XL:     7   Next: 89%
Magic:  3/7        EV: 11    Int: 13    God:
Gold:   147        SH:  0    Dex: 15    Spells: 7/8 levels left

rFire   + . .        Y - +2 sling
rCold   . . .        (no shield)
rNeg    + . .        b - +0 ring mail {rF+}
rPois   +            (helmet restricted)
rElec   .            (no cloak)
rCorr   +            m - +2 pair of gloves
SInv    .            (no boots)
Will    .....        j - amulet of Itiem {Spirit rN+ rCorr Int+3}
Stlth   +            (no ring)
HPRegen 0.30/turn    h - ring of poison resistance
MPRegen 0.10/turn

%: guardian spirit
@: lethally poisoned (0 -> -1)
A: horns 2, retaliatory headbutt
a: no special abilities


You were on level 5 of the Dungeon.
You visited 1 branch of the dungeon, and saw 5 of its levels.

You collected 197 gold pieces.
You spent 50 gold pieces at shops.


Innate Abilities, Weirdness & Mutations

You have a pair of horns on your head.
You reflexively headbutt those who attack you in melee.


   Skills:
 - Level 5.2 Fighting
 + Level 8.2 Ranged Weapons
 - Level 3.6 Armour
 - Level 2.1 Dodging
 - Level 1.0 Spellcasting
 - Level 2.0 Hexes


You had 7 spell levels left.
You knew the following spells:

 Your Spells              Type           Power      Damage    Failure   Level
a - Slow                  Hex            20%        N/A       26%         1

Your spell library contained the following spells:

 Spells                   Type           Power      Damage    Failure   Level
 Inner Flame              Hex/Fire       3%         N/A       75%         3
 Portal Projectile        Hex/Tloc       6%         N/A       75%         3
 Cause Fear               Hex            2%         N/A       95%         4

Inventory:

Hand Weapons
 Y - a +2 sling (weapon)
Armour
 b - a +0 ring mail of fire resistance (worn)
 m - a +2 pair of gloves (worn)
Jewellery
 e - a ring of resist corrosion
 h - a ring of poison resistance (right hand)
 j - the amulet of Itiem (around neck) {Spirit rN+ rCorr Int+3}
   (You took it off an orc on level 3 of the Dungeon)

   [amulet of guardian spirit]

   It causes incoming damage to be divided between your reserves of health and
   magic.
   Int:       It affects your intelligence (+3).
   rN:        It protects you from negative energy.
   rCorr:     It protects you from acid and corrosion.
Scrolls
 g - a scroll of identify
 n - a scroll of enchant armour {unknown}
Potions
 a - a potion of invisibility {unknown}
 c - a potion of enlightenment {unknown}
 d - a potion of might
 f - a potion of berserk rage {unknown}
 i - a potion of haste
 k - 4 potions of curing
 l - a potion of lignification {unknown}
 o - 2 potions of cancellation {unknown}
 p - a potion of resistance {unknown}

Dungeon Overview and Level Annotations

Branches:
Dungeon (5/15)
 Temple: D:4-7

Altars:
Cheibriados
Uskayaw

Shops:
D:5 :*


Message History

The sling bullet completely misses the gnoll.
The sling bullet hits the gnoll.
The gnoll is moderately wounded.
You feel very sick.
The gnoll sergeant hits you from afar with a +1 trident of venom.
You shoot a sling bullet.
The sling bullet barely misses the gnoll sergeant.
The sling bullet hits the gnoll!
You kill the gnoll!
You feel very sick.
The gnoll sergeant hits you from afar with a +1 trident of venom.
You shoot a sling bullet.
The sling bullet hits the gnoll sergeant but does no damage.
The gnoll sergeant is severely wounded.
You feel very sick. The gnoll sergeant misses you.
You shoot a sling bullet.
The sling bullet hits the gnoll sergeant.
The gnoll sergeant is almost dead.
You feel sick.
The gnoll sergeant hits you from afar with a +1 trident of venom.
You shoot a sling bullet.
The sling bullet hits the gnoll sergeant.
You kill the gnoll sergeant!
You feel sick. The gnoll barely misses you.
Your Fighting skill increases to level 5!
You shoot a sling bullet. The sling bullet hits the gnoll.
The gnoll is heavily wounded.
You feel sick. The gnoll barely misses you.
You shoot a sling bullet. The sling bullet hits the gnoll.
The gnoll is almost dead.
You feel sick. The gnoll barely misses you.
You shoot a sling bullet. The sling bullet hits the gnoll.
The gnoll is almost dead.
You feel sick. The gnoll barely misses you.
You shoot a sling bullet. The sling bullet hits the gnoll.
You kill the gnoll!
You feel sick.
4062 ||| FLEEEEING.
You die...

### ..# ###.# ..#.#
###.#g# #...#g# #.#
#.#.#.# #.# #.#.@.#
#.#.###.#.#####
#.#...........#
#.#####.#...#.# # #.#
#.#..##.##. . ######.#
#.#....... #
#....#.#####.#...#.####
#####
##.##.#.......#........#
##..8<
#...........####....##.#
#.....


You could see 2 gnolls.

Vanquished Creatures
  Sigmund (D:2)
  A steam dragon (D:5)
  A black bear (D:4)
  3 phantoms
  A gnoll sergeant (D:5)
  A scorpion (D:4)
  A jelly (D:3)
  An orc priest (D:3)
  4 gnolls
  6 adders
  An ufetubus (D:4)
  3 worms
  2 dart slugs (D:1)
  9 orcs
  4 ball pythons
  6 bats
  6 endoplasms
  2 giant cockroaches (D:1)
  5 goblins
  5 hobgoblins
  2 jackals (D:1)
  3 quokkas
  2 frilled lizards
  7 kobolds
  5 rats
82 creatures vanquished.

Notes
Turn   | Place    | Note
-------+----------+-------------------------------------------
     0 | D:1      | qw the Minotaur Hexslinger began the quest for the Orb.
     0 | D:1      | Reached XP level 1. HP: 16/16 MP: 1/1
     0 | D:1      | 0 ||| qw: Version: 0.3-a-52-g30416fa
     0 | D:1      | 0 ||| qw: Game counter: 5393
     0 | D:1      | 0 ||| qw: Melee chars always use a shield: true
     0 | D:1      | 0 ||| qw: God list: Okawaru
     0 | D:1      | 0 ||| qw: Allow faded altars: false
     0 | D:1      | 0 ||| qw: Do Orc after clearing Dungeon:15 true
     0 | D:1      | 0 ||| qw: Do second Lair branch before Depths: true
     0 | D:1      | 0 ||| qw: Lair rune preference: random
     0 | D:1      | 0 ||| qw: Goals: Normal
     0 | D:1      | 0 ||| PLANNING D:1-11
   145 | D:1      | Reached skill level 3 in Ranged Weapons
   145 | D:1      | Reached XP level 2. HP: 23/23 MP: 2/2
   463 | D:1      | Reached XP level 3. HP: 17/29 MP: 3/3
   948 | D:1      | 948 ||| UPGRADING to +0 ring mail.
   958 | D:1      | 958 ||| DROPPING +0 robe.
   959 | D:1      | 959 ||| UPGRADING to ring of resist corrosion.
   960 | D:1      | 960 ||| READING 2 scrolls labelled ENUCIKUMOH.
   961 | D:1      | 961 ||| READING scroll labelled RUESMA DETAQOA.
   962 | D:1      | 962 ||| DRINKING 2 silvery potions.
   963 | D:1      | 963 ||| DROPPING scroll of fear.
   964 | D:1      | 964 ||| DROPPING scroll of poison.
  1120 | D:2      | Noticed Sigmund
  1133 | D:2      | Killed Sigmund
  1134 | D:2      | Reached skill level 6 in Ranged Weapons
  1134 | D:2      | Reached XP level 4. HP: 11/36 MP: 4/4
  1134 | D:2      | Reached XP level 5. HP: 12/41 MP: 5/5
  1349 | D:2      | Reached skill level 1 in Armour
  1752 | D:2      | 1752 ||| UPGRADING to +0 ring mail of fire resistance.
  1762 | D:2      | 1762 ||| DROPPING +0 ring mail.
  1763 | D:2      | 1763 ||| UPGRADING to +0 pair of gloves.
  1768 | D:2      | 1768 ||| UPGRADING to ring of poison resistance.
  1769 | D:2      | 1769 ||| READING scroll labelled FUEFID TECH.
  1770 | D:2      | 1770 ||| READING 2 scrolls labelled JOBOVO ACZI.
  1771 | D:2      | 1771 ||| READING scroll labelled ZIWIPI ETEXT.
  1772 | D:2      | 1772 ||| READING 2 scrolls labelled JEPLIO YLEHI.
  1773 | D:2      | 1773 ||| READING scroll labelled ONTUQE HUOPP.
  1774 | D:2      | 1774 ||| DROPPING scroll of amnesia.
  2027 | D:3      | Found a snail-covered altar of Cheibriados.
  2028 | D:3      | 2028 ||| READING scroll labelled UNIFIO LIUCO.
  2066 | D:3      | Reached skill level 3 in Fighting
  2076 | D:3      | Identified the amulet of Itiem {Spirit rN+ rCorr Int+3}
  2081 | D:3      | 2081 ||| Stepping ~*~*~tactically~*~*~ (outnumbered).
  2107 | D:3      | HP: 3/45 [orc priest/nerve-wracking pain (13)]
  2109 | D:3      | Reached XP level 6. HP: 4/52 MP: 6/6
  2767 | D:3      | 2767 ||| UPGRADING to +2 pair of gloves.
  2777 | D:3      | 2777 ||| DROPPING +0 pair of gloves.
  2778 | D:3      | 2778 ||| UPGRADING to amulet of Itiem {Spirit rN+ rCorr
                  | Int+3}.
  2783 | D:3      | 2783 ||| REMOVING ring of resist corrosion.
  2784 | D:3      | 2784 ||| DRINKING 2 amethyst potions.
  2927 | D:4      | Found a hide-covered altar of Uskayaw.
  2956 | D:4      | Found the +5 glaive of the Guard {elec, spectral, AC+5}
  2968 | D:4      | Reached skill level 7 in Ranged Weapons
  2968 | D:4      | Reached XP level 7. HP: 27/60 MP: 3/7
  3716 | D:4      | 3716 ||| READING scroll labelled WOWEORHAWUVE.
  3720 | D:4      | 3720 ||| READING scroll labelled KOUFIAXITSU.
  3721 | D:4      | 3721 ||| DRINKING 3 orange potions.
  3722 | D:4      | 3722 ||| READING 2 scrolls of identify.
  3722 | D:4      | 3722 ||| IDENTIFYING dark potion
  3723 | D:4      | 3723 ||| DROPPING potion of brilliance.
  3758 | D:5      | Entered Level 5 of the Dungeon
  3780 | D:5      | Reached skill level 8 in Ranged Weapons
  3828 | D:5      | Found Fetyupat's Assorted Antiques.
  3832 | D:5      | Found Zefenoed's Book Shoppe.
  3834 | D:5      | 3834 ||| BUYING emerald potion (16 gold).
  3834 | D:5      | Bought an emerald potion for 16 gold pieces
  3834 | D:5      | 3834 ||| BUYING scroll labelled ZUFOSACLAA (18 gold).
  3834 | D:5      | Bought a scroll labelled ZUFOSACLAA for 18 gold pieces
  3834 | D:5      | 3834 ||| BUYING sedimented grey potion (16 gold).
  3834 | D:5      | Bought a sedimented grey potion for 16 gold pieces
  3846 | D:5      | Noticed a steam dragon
  3861 | D:5      | Killed a steam dragon
  3862 | D:5      | Reached skill level 3 in Armour
  4054 | D:5      | HP: 15/60 [gnoll sergeant/+1 trident of venom (3)]
  4056 | D:5      | HP: 6/60 [gnoll sergeant/+1 trident of venom (3)]
  4059 | D:5      | HP: 2/61 [poisoned by a gnoll sergeant]
  4062 | D:5      | 4062 ||| FLEEEEING.
  4062 | D:5      | Succumbed to a gnoll sergeant's poison

Levels and vault maps discovered:
D:1:      saegor_arrival_under_anarchy, layout_basic
D:2:      layout_basic, minmay_randomly_rotated_circles, uniq_sigmund
D:3:      layout_basic, cheibrodos_worm_habitat, kennysheep_generic_room_9
D:4:      layout_basic, nicolae_uskayaw_suspiria, chequers_decorated_corner,
          mrwooster_statue_mirror
D:5:      layout_basic, serial_shops, shop, shop, nicolae_shop_statue_plus, shop

Skill      XL: |  1  2  3  4  5  6  7 |
---------------+----------------------+-----
Ranged Weapons | 3 6 7 8 |  8.2
Fighting       | 2 3 4 5 |  5.2
Armour         | 1 3 |  3.6
Dodging        | |  2.1
Spellcasting   | |  1.0
Hexes          | |  2.0

Action                     |  1- 3 |  4- 6 |  7- 9 || total
---------------------------+-------+-------+-------++-------
   Fire: Sling             |    90 |   181 |    91 ||   362
    Use: Scroll            |     2 |     6 |     3 ||    11
         Potion            |     1 |     1 |     1 ||     3
 Armour: Robe              |     4 |       |       ||     4
         Ring mail         |     3 |    30 |    29 ||    62
  Dodge: Dodged            |    23 |    46 |    43 ||   112

Table legend:
 A = Non-vault XP
 B = Vault XP
 C = Vault XP percentage of total XP
 D = Non-vault monster count
 E = Vault monster count
 F = Vault count percentage of total count
                 A         B        C        D         E       F
            +---------+---------+-------+---------+---------+-------
      Total |    1017 |     339 |  25.0 |      72 |      10 |  12.2
            +---------+---------+-------+---------+---------+-------
        D:1 |      56 |       0 |   0.0 |      23 |       0 |   0.0
        D:2 |      28 |     231 |  89.2 |      12 |       7 |  36.8
        D:3 |     156 |     108 |  40.9 |      21 |       3 |  12.5
        D:4 |     323 |       0 |   0.0 |       7 |       0 |   0.0
        D:5 |     454 |       0 |   0.0 |       9 |       0 |   0.0
            +---------+---------+-------+---------+---------+-------
